 Dungeon Crawl Stone Soup version 0.28.0 (webtiles) character file.

Game seed: 13471303489759006626

128 AmazingTV the Sneak (level 4, -4/22 HPs)
             Began as a Spriggan Venom Mage on July 5, 2022.
             Killed from afar by an orc wizard (10 damage)
             ... with a puff of flame
             ... on level 3 of the Dungeon.
             The game lasted 00:07:24 (2758 turns).

AmazingTV the Sneak (Spriggan Venom Mage)           Turns: 2758, Time: 00:07:24

Health: -4/22      AC:  5    Str:  6    XL:     4   Next: 86%
Magic:  9/10       EV: 18    Int: 16    God:
Gold:   54         SH:  0    Dex: 15    Spells: 8/9 levels left

rFire   . . .      SeeInvis +   a - +0 dagger {short}
rCold   . . .      Faith    .   (no shield)
rNeg    . . .      Spirit   .   c - +0 robe
rPois   .          Reflect  .   (helmet restricted)
rElec   .          Harm     .   p - +2 cloak {Stlth+}
rCorr   .          Rampage  .   (gloves unavailable)
Will    .....                   (boots unavailable)
Stlth   ++++......              (no amulet)
HPRegen 0.07/turn               (no ring)
MPRegen 0.12/turn               (no ring)

@: very quick
A: very small, no large weapons, unfitting armour, see invisible, speed 3
a: no special abilities


You were on level 3 of the Dungeon.
You visited 1 branch of the dungeon, and saw 3 of its levels.

You collected 114 gold pieces.
You spent 60 gold pieces at shops.


Innate Abilities, Weirdness & Mutations

You are very small and have problems with some larger weapons.
You are too small for most types of armour.
You have supernaturally acute eyesight. (SInv)
You cover ground extremely quickly. (Speed+++)


   Skills:
 + Level 1.2 Fighting
 + Level 1.4 Short Blades
 + Level 3.4 Dodging
 + Level 4.2 Stealth
 + Level 3.4 Spellcasting
 + Level 2.6 Transmutations
 + Level 3.4 Poison Magic


You had 8 spell levels left.
You knew the following spells:

 Your Spells              Type           Power      Damage    Failure   Level
a - Sting                 Tmut/Pois      48%        1d5       4%          1

Your spell library contained the following spells:

 Spells                   Type           Power      Damage    Failure   Level
 Poisonous Vapours        Pois/Air       16%        N/A       14%         2
 Shock                    Conj/Air       8%         1d3       19%         1
 Mephitic Cloud           Conj/Pois/Air  6%         N/A       32%         3
 Olgreb's Toxic Radiance  Pois           13%        N/A       41%         4
 Swiftness                Air            2%         N/A       47%         3
 Airstrike                Air            1%         N/A       87%         4

Inventory:

Hand Weapons
 a - a +0 dagger (weapon) {short}
   (You took it off a kobold on level 1 of the Dungeon)
 m - a +4 war axe {axe}
   (You found it on level 2 of the Dungeon)
 o - a +2 quarterstaff of chaos {staff}
   (You took it off Crazy Yiuf on level 2 of the Dungeon)
Missiles
 b - 35 bolts
 d - 46 stones
 l - 10 sling bullets
 q - 15 arrows
Armour
 c - a +0 robe (worn)
 p - a +2 cloak of stealth (worn)
   (You took it off Crazy Yiuf on level 2 of the Dungeon)
Scrolls
 f - 2 scrolls of identify {unknown}
 i - a scroll of torment {unknown}
 j - a scroll of enchant weapon {unknown}
Potions
 e - a potion of degeneration {unknown}
 g - a potion of brilliance {unknown}
 h - 3 potions of haste {unknown}
 k - a potion of heal wounds {@q2}
 n - a potion of lignification {unknown}

Dungeon Overview and Level Annotations

Branches:
Dungeon (3/15)

Altars:

Shops:
D:2

! #..# ..... #..#
#.#>. #..# #.#.#
#..# #.#.# #..#
#.#.# #..# #.#.#
#..##### #.#.#######
#......# #@........#
#.####.# ###o#####.
#.# #.# #.# ###.#
#.# #.# ....# #.#
#.# .####
##.#########.#####.
.#
#...o...............
.#
#..#################
.# #.)#


You could see an orc wizard (poisoned).


Message History

The sting hits the orc wizard.
The orc wizard is poisoned.
The orc completely misses you. The orc wizard misses you. 😎 MP[-1]
You lost 1 mp, and now have 6/10 mp.
You hit the orc.
You kill the orc!
You hit the orc wizard but do no damage.
The orc wizard barely misses you.
You hit the orc wizard.
The orc wizard completely misses you. 😎 MP[+1]
You hit the orc wizard but do no damage.
The orc wizard hits you with a +0 dagger. 😕 HP[-1]
You take 1 damage, and now have 21/22 hp.
The orc wizard hits you with a +0 dagger. 😕 HP[-1]
You take 1 damage, and now have 20/22 hp.
You barely miss the orc wizard. The orc wizard barely misses you.
You hit the orc wizard. The orc wizard closely misses you.
The orc wizard gestures at you while chanting.
You are confused.
The orc wizard looks more healthy.
You bump into the rock wall.
The orc wizard mumbles some strange words.
The orc wizard flickers and vanishes for a moment.
You're too confused to cast spells. 😕 MP[+1]
You bump into the rock wall.
The orc wizard points at you and mumbles some strange words.
You are more confused.
You bump into the rock wall.
The orc wizard hits you with a +0 dagger. 😕 HP[-2]
You take 2 damage, and now have 18/22 hp.
The orc wizard casts a spell at you. The puff of flame misses you.
You're too confused to move!
The orc wizard hits you but does no damage.
You barely miss the orc wizard. The orc wizard barely misses you.
You bump into the rock wall.
The orc wizard hits you but does no damage.
You're too confused to move!
The orc wizard hits you but does no damage.
You bump into the rock wall.
The orc wizard closely misses you.
You bump into the rock wall.
You feel less confused.
The orc wizard barely misses you. 😕 HP[+1] MP[+1]
You see here a +0 club {mace}.
You closely miss the orc wizard.
The orc wizard hits you but does no damage.
You closely miss the orc wizard. The orc wizard barely misses you.
The orc wizard completely misses you.
You see here a +0 club {mace}.
You barely miss the orc wizard.
The orc wizard hits you but does no damage.
The sting misses the orc wizard.
The orc wizard misses you. 😕 MP[-1]
You lost 1 mp, and now have 8/10 mp.
The sting hits the orc wizard.
The orc wizard is poisoned.
The orc wizard misses you. 😕 MP[-1]
You lost 1 mp, and now have 7/10 mp.
The orc wizard points at you and mumbles some strange words.
The magic dart hits you!
* * * LOW HITPOINT WARNING * * *
😨 HP[-9]
You take 9 damage, and now have 10/22 hp.
MASSIVE DAMAGE!! (PAUSE) 😨 MP[+1]
The orc wizard looks more healthy.
The orc wizard points at you and mumbles some strange words.
The puff of flame hits you.
* * * LOW HITPOINT WARNING * * *
😱 HP[-6]
You take 6 damage, and now have 4/22 hp.
MASSIVE DAMAGE!! (PAUSE)
A hobgoblin comes into view.
The helpless hobgoblin fails to defend itself.
You puncture the hobgoblin!
You kill the hobgoblin! 😱 HP[+1]
Found a stone staircase leading down. 😱 MP[+1]
You start resting. 😱 MP[+1]
Your mp is fully restored (10).
You start resting.
An orc wizard is nearby! 😨 HP[+1]
You are too injured to fight recklessly!
Aiming: Sting (safe; 4% risk of failure)
Press: ? - help, Q - select action, (/) - cycle Shift-Dir - straight line, f/p - orc wizard
Aim: an orc wizard, wielding a +0 dagger and wearing a +0 robe (almost dead, wandering, hasn't noticed you, 64% to hit)
The sting hits the orc wizard but does no damage.
The orc wizard is poisoned.
The orc wizard shouts!
The orc wizard points at you and mumbles some strange words.
The puff of flame hits you!
You die...

Skill      XL: |  1  2  3  4 |
---------------+-------------+-----
Spellcasting   | 3 |  3.4
Transmutations | 2 |  2.6
Dodging        | 3 |  3.4
Short Blades   | 1 |  1.4
Fighting       | 1 |  1.2
Stealth        | 4 |  4.2
Poison Magic   | |  3.4

Action                   |  1- 3 |  4- 6 || total
-------------------------+-------+-------++-------
Melee: Unarmed           |    25 |       ||    25
       Dagger            |    59 |    23 ||    82
       Punch             |     2 |       ||     2
 Cast: Sting             |    51 |     7 ||    58
 Stab: Sleeping          |     3 |     6 ||     9
Armor: Robe              |     9 |     7 ||    16
Dodge: Dodged            |    66 |    18 ||    84

Levels and vault maps discovered:
D:1:      dpeg_arrival_tiny_d, layout_basic, dilly_ecumenical_altar_fadedgnrine
D:2:      layout_basic, serial_shops, nicolae_shop_trees,
          uniq_crazy_yiuf_cottage
D:3:      kennysheep_big_flooded_room, layout_loops_ring

Notes
Turn   | Place    | Note
-------+----------+-------------------------------------------
     0 | D:1      | AmazingTV the Spriggan Venom Mage began the quest for the
                  | Orb.
     0 | D:1      | Reached XP level 1. HP: 9/9 MP: 5/5
     0 | D:1      | magus.rc [v1.9.6]
   295 | D:1      | Reached XP level 2. HP: 13/13 MP: 1/6
   626 | D:1      | Reached skill level 3 in Spellcasting
   733 | D:1      | Reached skill level 2 in Transmutations
   768 | D:1      | Reached skill level 3 in Dodging
   955 | D:1      | HP: 3/14 [kobold (4)]
  1351 | D:1      | Reached XP level 3. HP: 17/17 MP: 8/8
  1602 | D:1      | Found a faded altar of an unknown god.
  1678 | D:2      | You pick up a book of Air and begin reading...
  1678 | D:2      | You add the spells Shock, Swiftness and Airstrike to your
                  | library.
  1985 | D:2      | Found Gunn's Distillery.
  2019 | D:2      | Bought a potion of heal wounds for 60 gold pieces
  2146 | D:2      | Reached skill level 1 in Short Blades
  2442 | D:2      | Found a runed translucent door.
  2443 | D:2      | Noticed Crazy Yiuf
  2466 | D:2      | Killed Crazy Yiuf
  2467 | D:2      | Reached skill level 1 in Fighting
  2467 | D:2      | Reached XP level 4. HP: 22/22 MP: 4/9
  2649 | D:3      | Reached skill level 4 in Stealth
  2725 | D:3      | HP: 4/22 [orc wizard/puff of flame (6)]
  2758 | D:3      | Killed from afar by an orc wizard

Vanquished Creatures
  An orc priest (D:3)
  Crazy Yiuf (D:2)
  2 adders
  A dart slug (D:2)
  2 orcs (D:3)
  2 bats
  3 endoplasms
  3 giant cockroaches (D:1)
  A goblin (D:2)
  7 hobgoblins
  4 jackals (D:1)
  5 kobolds
  4 quokkas (D:1)
  A ball python (D:1)
  5 frilled lizards
  6 rats
48 creatures vanquished.

Vanquished Creatures (others)
  2 fungi (D:2)
2 creatures vanquished.

Grand Total: 50 creatures vanquished

Table legend:
 A = Non-vault XP
 B = Vault XP
 C = Vault XP percentage of total XP
 D = Non-vault monster count
 E = Vault monster count
 F = Vault count percentage of total count
                 A         B        C        D         E       F
            +---------+---------+-------+---------+---------+-------
      Total |     146 |      37 |  20.2 |      47 |       1 |   2.1
            +---------+---------+-------+---------+---------+-------
        D:1 |      49 |       0 |   0.0 |      30 |       0 |   0.0
        D:2 |      29 |      37 |  56.1 |       9 |       1 |  10.0
        D:3 |      68 |       0 |   0.0 |       8 |       0 |   0.0
            +---------+---------+-------+---------+---------+-------

Illustrated notes

Table legend:
 A = Kills in this place as a percentage of kills in entire the game.
 B = Kills by you in this place as a percentage of kills by you in the entire game.
 C = Kills by friends in this place as a percentage of kills by friends in the entire game.
 D = Other kills in this place as a percentage of other kills in the entire game.
 E = Experience gained in this place as a percentage of experience gained in the entire game.
 F = Experience gained in this place divided by the number of levels of this place that you have seen.
                   A       B       C       D       E      F
               +-------+-------+-------+-------+-------+----------------------
         Total | 100.0 | 100.0 |   N/A |   N/A | 100.0 |  61.0
       Dungeon | 100.0 | 100.0 |   N/A |   N/A | 100.0 |  61.0
               +-------+-------+-------+-------+-------+----------------------

Table legend: (Time is in decaauts)
 A = Elapsed time spent in this place.
 B = Non-inter-level travel time spent in this place.
 C = Inter-level travel time spent in this place.
 D = Time resting spent in this place.
 E = Time spent auto-exploring this place.
 F = Levels seen in this place.
 G = Mean time per level.
                   A        B        C        D        E       F      G
               +--------+--------+--------+--------+--------+-----+--------+
         Total |   2178 |   2128 |     50 |    420 |   1323 |   3 |  726.0 |
       Dungeon |   2178 |   2128 |     50 |    420 |   1323 |   3 |  726.0 |
               +--------+--------+--------+--------+--------+-----+--------+

Top non-repeatable levels by time:
     D:1: 1406 daAuts
     D:2: 636 daAuts
     D:3: 135 daAuts
